 Dungeon Crawl Stone Soup version 0.27.1-34-g3ba077fa99 (webtiles) character file.

Game seed: 398987860862360800

67 Ijustatesigmund the Skirmisher (level 4, 0/29 HPs)
             Began as a Gargoyle Fighter on Jan 27, 2022.
             Killed by divine providence
             ... invoked by an orc priest
              (14 damage)
             ... on level 3 of the Dungeon.
             The game lasted 00:02:59 (2507 turns).

Ijustatesigmund the Skirmisher (Gargoyle Fighter)   Turns: 2507, Time: 00:03:00

Health: 0/29       AC: 14    Str: 27    XL:     4   Next: 16%
Magic:  4/4        EV:  7    Int: 13    God:
Gold:   64         SH:  9    Dex:  9    Spells: 3/3 levels left

rFire    + . .     SeeInvis .   a - +0 flail
rCold    . . .     Faith    .   c - +0 kite shield
rNeg     + . .     Spirit   .   b - +0 scale mail
rPois    ∞         Reflect  .   (no helmet)
rElec    +         Harm     .   (no cloak)
rCorr    .         Rampage  .   (no gloves)
Will     .....                  (no boots)
Stlth    ..........             (no amulet)
HPRegen  0.09/turn              j - +4 ring of protection
MPRegen  0.09/turn              e - ring of the Furies {rF+ Str+6 Int+5}

@: no status effects
A: sickness immunity, AC +3, negative energy resistance 1, electricity
resistance, torment resistance 1, petrification resistance
a: no special abilities


You were on level 3 of the Dungeon.
You visited 1 branch of the dungeon, and saw 3 of its levels.

You collected 64 gold pieces.

Inventory:

Hand Weapons
 a - a +0 flail (weapon)
Armour
 b - a +0 scale mail (worn)
 c - a +0 kite shield (worn)
Jewellery
 e - the ring of the Furies (right hand) {rF+ Str+6 Int+5}
   (You acquired it on level 3 of the Dungeon)

   [ring of strength]

   Str:       It affects your strength (+6).
   Int:       It affects your intelligence (+5).
   rF:        It protects you from fire.
 j - a +4 ring of protection (left hand)
Wands
 l - a wand of digging (7)
Scrolls
 g - a scroll of teleportation
Potions
 d - a potion of might
 f - a potion of curing {unknown}
 h - a potion of degeneration {unknown}
 n - a potion of invisibility {unknown}


   Skills:
 + Level 4.0 Fighting
 * Level 3.7 Maces & Flails
 - Level 3.2 Armour
 - Level 3.2 Shields


You had 3 spell levels left.
You didn't know any spells.
Your spell library contained the following spells:

 Spells                   Type           Power      Damage    Failure   Level
 Summon Small Mammal      Summ           0%         N/A       97%         1
 Call Canine Familiar     Summ           0%         N/A       100%        3
 Summon Guardian Golem    Hex/Summ       0%         N/A       100%        3


Dungeon Overview and Level Annotations

Branches:
Dungeon (3/15)

Altars:
Yredelemnul


Innate Abilities, Weirdness & Mutations

You are immune to sickness and miasma.
Your stone body is resilient. (AC +3)
You are immune to poison.
You resist negative energy. (rN+)
You are resistant to electric shocks. (rElec)
You are resistant to unholy torment.
You are immune to petrification.


Message History

You block the orc priest's attack.
Things that are here:
a +0 mace; a +0 leather armour; an orc corpse You barely miss the orc priest.
The orc priest hits you but does no damage.
You hit the orc priest but do no damage.
You block the orc priest's attack. The orc closely misses you.
You block the orc priest's attack.
There are monsters nearby!
You hit the orc priest.
The orc priest is moderately wounded.
The orc hits you but does no damage. You block the orc's attack.
The orc priest hits you but does no damage.
The orc hits you but does no damage. The orc completely misses you.
You closely miss the orc priest.
The orc priest is moderately wounded.
The orc priest closely misses you. The orc closely misses you.
The orc hits you but does no damage.
The orc priest hits you but does no damage.
You sock the orc priest!
The orc priest is almost dead.
The orc hits you with a +0 flail. The orc hits you with a +0 dagger.
The orc priest hits you but does no damage.
You block the orc's attack.
You are too injured to fight recklessly!
You are too injured to fight recklessly!
You are too injured to fight recklessly!
You are too injured to fight recklessly!
You are too injured to fight recklessly!
You are too injured to fight recklessly!
You are too injured to fight recklessly!
You hit the orc.
The orc is severely wounded.
The orc hits you but does no damage. You block the orc's attack.
You barely miss the orc.
The orc is severely wounded.
The orc hits you but does no damage.
The orc priest calls down the wrath of Beogh upon you.
Beogh smites you!
You die...

,,,* *,** **,*#########..# ,*,*
*,,***,**#.......)..# ,,,*
*,*,*,** #.########.# **,*
*,**,** #.# #.# *,******,**,* #.#
#.# *,,,,,,,..,,* #.# #.#*###
*******,**#..#####.######*#.#*...
,,,,,,,,* #...............,..*.##
*******,**#..###@#########*,,*,*
*,,,,,,,*#o#*********,,*,*
***,*#...ooo......,,,,,*,*
*,*#.###.#######****,*,*
*,**,**#.# ******,,,,##
*,*,,,*#.# *,,,^,,,,,#.
*,,,,,,#.#****,**,,,,....
**,,,,,,...,,,,,,,,,,,.,,,
*,,,,,,>...**,,,,,,,,,,,,*


You could see an orc priest and 3 orcs.

Vanquished Creatures
  2 adders
  An orc (D:3)
  8 endoplasms
  4 giant cockroaches
  2 goblins
  3 hobgoblins
  4 kobolds
  2 quokkas
  6 ball pythons
  7 bats
  3 frilled lizards
  5 rats
47 creatures vanquished.

Notes
Turn   | Place    | Note
-------+----------+-------------------------------------------
     0 | D:1      | Ijustatesigmund the Gargoyle Fighter began the quest for
                  | the Orb.
     0 | D:1      | Reached XP level 1. HP: 14/14 MP: 1/1
   197 | D:1      | Reached XP level 2. HP: 11/19 MP: 2/2
  1175 | D:2      | Found a faded altar of an unknown god.
  1252 | D:2      | Reached XP level 3. HP: 24/24 MP: 3/3
  1730 | D:2      | Found a basalt altar of Yredelemnul.
  2349 | D:3      | Identified a scroll of acquirement
  2349 | D:3      | Acquired the ring of the Furies {rF+ Str+6 Int+5}
  2432 | D:3      | Reached skill level 4 in Fighting
  2432 | D:3      | Reached XP level 4. HP: 29/29 MP: 4/4
  2507 | D:3      | Killed from afar by an orc priest

Illustrated notes

Levels and vault maps discovered:
D:1:      evilmike_arrival_hilbert_curve, layout_basic
D:2:      layout_basic, serial_co_window_serial, co_window_paths_a,
          co_window_paths_a, co_window_of_opportunity_a,
          co_window_of_opportunity_a, co_window_paths_a, co_window_corner_ca,
          co_window_broadway_b, co_window_2corner, co_window_broadway_a,
          co_window_corner_b, co_window_corner_b, co_window_broadway_c,
          glass_columns_b, glass_columns_c, glass_columns_b,
          ebering_ecumenical_altar_rust, basic_altar
D:3:      layout_loops_ring, nicolae_sif_muna_condensation, serial_shops,
          nicolae_shop_window_shopping

Skill      XL: |  1  2  3 |
---------------+----------+-----
Maces & Flails | 3 |  3.7
Fighting       | 4 |  4.0
Armour         | |  3.2
Shields        | |  3.2

Action                   |  1- 3 |  4- 6 || total
-------------------------+-------+-------++-------
Melee: Flail             |   196 |    15 ||   211
  Use: Scroll            |     5 |       ||     5
Armor: Scale mail        |   111 |    11 ||   122
Dodge: Dodged            |    71 |     5 ||    76
Block: Kite shield       |   122 |     7 ||   129
